 Dungeon Crawl Stone Soup version 0.24-a0-189-g5d897e9 (webtiles) character file.

Game seed: 5507827630959610958

788687 nikopol the Merry Minotaur (level 27, -2/403 (409) HPs)
             Began as a Minotaur Berserker on Mar 12, 2019.
             Was the Champion of Trog.
             Slain by a war gargoyle
             ... wielding a +2 morningstar of protection
              (25 damage)
             ... on level 7 of the Iron City of Dis on Mar 16, 2019.
             The game lasted 03:54:42 (74041 turns).

nikopol the Merry Minotaur (Minotaur Berserker)    Turns: 74041, Time: 03:54:43

HP:   -2/403 (409)  AC:  7    Str: 39 (42) XL:     27
MP:   11/11         EV: 23    Int:  1 (4)  God:    Trog [******]
Gold: 5021          SH:  0    Dex: 14      Spells: 26/26 levels left

rFire    + . .     SeeInvis .   a - +9 executioner's axe (freeze)
rCold    + + +     Gourm    .   (shield currently unavailable)
rNeg     + . .     Faith    .   C - +6 gold dragon scales
rPois    +         Spirit   .   (helmet unavailable)
rElec    +         Reflect  .   o - scarf {repulsion}
rCorr    .         Harm     .   t - +2 pair of gloves {archery}
MR       +++++     Rnd*Rage +   W - +0 pair of boots of Dithmenos {Regen+ MP-9 Str+5 Dex+3}
Stlth    ..........             r - amulet of Uskayaw's Castigation {Acrobat rElec rN+ Dex-2 Stlth+}
HPRegen  1.17/turn              U - ring of the Traitor {+Fly rF- rC+ MR+ EV+4}
MPRegen  0.12/turn              s - ring "Hidwewn" {rF+ rC+ MR++}

@: berserking, corroded, lightly drained, repel missiles, very quick
A: retaliatory headbutt, horns 3, camouflage 1, berserk 1, cold resistance 1,
deterioration 1, low mp 1, magic resistance 1
}: 5/15 runes: decaying, serpentine, slimy, silver, abyssal
a: Berserk, Trog's Hand, Brothers in Arms, Renounce Religion, Evoke Flight


You were on level 7 of the Iron City of Dis.
You worshipped Trog.
Trog was exalted by your worship.
You were very hungry.

You visited 11 branches of the dungeon, and saw 57 of its levels.
You visited the Abyss 1 time.
You also visited: Trove, Gauntlet, Volcano and Wizlab.

You collected 7614 gold pieces.
You spent 2593 gold pieces at shops.

Inventory:

Hand Weapons
 a - a +9 executioner's axe of freezing (weapon)
 z - a +9 longbow of freezing
 A - the +9 shortbow of Killer Klown's Regret {flame, rPois}
   (Trog gifted it to you on level 1 of the Iron City of Dis)

   It causes projectiles fired from it to burn those they strike, causing extra
   injury to most foes and up to half again as much damage against particularly
   susceptible opponents.
   It protects you from poison.
 H - a +7 antimagic executioner's axe
 N - the +8 Wrath of Trog {antimagic, *Rage}
   (You took it off a deep elf mage on level 3 of the Elven Halls)

   It reduces the magical energy of the wielder, and disrupts the spells and
   magical abilities of those hit.
   Natural abilities and divine invocations are not affected.
   It may make you go berserk in combat.
Missiles
 q - 812 arrows
Armour
 o - a scarf of repulsion (worn)
 t - a +2 pair of gloves of archery (worn)
 C - +6 gold dragon scales (worn)
 W - the +0 pair of boots of Dithmenos (worn) {Regen+ MP-9 Str+5 Dex+3}
   (You found it on level 15 of the Dungeon)

   It affects your strength (+5).
   It affects your dexterity (+3).
   It affects your magic capacity (-9).
   It increases your rate of regeneration.
Jewellery
 r - the amulet of Uskayaw's Castigation (around neck) {Acrobat rElec rN+ Dex-2 Stlth+}
   (You found it in a Gauntlet)

   [amulet of the acrobat]

   It helps you evade while moving and waiting.
   It affects your dexterity (-2).
   It insulates you from electricity.
   It protects you from negative energy.
   It makes you more stealthy.
 s - the ring "Hidwewn" (right hand) {rF+ rC+ MR++}
   (You took it off a frost giant on level 5 of the Vaults)

   [ring of protection from fire]

   It protects you from fire.
   It protects you from cold.
   It affects your resistance to hostile enchantments.
 U - the ring of the Traitor (left hand) {+Fly rF- rC+ MR+ EV+4}
   (You found it on level 3 of the Vaults)

   [ring of evasion]

   It affects your evasion (+4).
   It makes you vulnerable to fire.
   It protects you from cold.
   It affects your resistance to hostile enchantments.
   It lets you fly.
 Y - an uncursed ring of see invisible
Wands
 m - a wand of paralysis (26)
 v - a wand of acid (41)
 B - a wand of iceblast (73)
 I - a wand of scattershot (9)
 M - a wand of flame (70)
 O - a wand of polymorph (18)
 S - a wand of clouds (7)
 T - a wand of digging (18)
Scrolls
 i - 24 scrolls of remove curse
 u - 9 scrolls of fear
 w - 14 scrolls of magic mapping
 x - 3 scrolls of silence
 y - 8 scrolls of fog
 E - 10 scrolls of blinking
 G - 30 scrolls of teleportation
 P - 25 scrolls of identify
 Q - a scroll of summoning
 R - 3 scrolls of holy word
Potions
 b - 13 potions of haste
 d - 11 potions of lignification
 f - 22 potions of curing
 g - 7 potions of might
 h - 3 potions of invisibility
 j - 6 potions of magic
 l - 14 potions of heal wounds
 n - 7 potions of ambrosia
 p - 11 potions of flight
 D - 4 potions of resistance
 F - 4 potions of mutation
 L - 7 potions of agility
 X - 4 potions of brilliance
 Z - 6 potions of cancellation
Miscellaneous
 e - the horn of Geryon
Comestibles
 c - 86 rations


   Skills:
 O Level 27(26.8) Fighting
 O Level 27(26.8) Axes
 O Level 27(26.8) Bows
 O Level 27(26.8) Armour
 * Level 18.8(18.7) Dodging
 + Level 9.2(9.0) Stealth
 - Level 0.6(0.5) Evocations


You had 26 spell levels left.
You didn't know any spells.
Your spell library was empty.

Dungeon Overview and Level Annotations

Branches:
Dungeon (15/15)            Temple (0/1) D:4            Lair (6/6) D:8
  Swamp (4/4) Lair:3        Snake (4/4) Lair:4        Slime (5/5) Lair:6
    Orc (2/2) D:12            Elf (3/3) Orc:2        Vaults (5/5) D:14
  Crypt (0/3) Vaults:2     Depths (5/5) D:15           Hell (1/1)
    Dis (7/7) Hell            Geh (0/7) Hell            Coc (0/7) Hell
    Tar (0/7) Hell            Zot (0/5) Depths:5

Altars:
Dithmenos
Fedhas
Gozag
Kikubaaqudgha
Makhleb
Qazlal
Ru
Sif Muna
Trog
Vehumet
Xom
Yredelemnul
The Shining One
Beogh
Jiyva

Shops:
D:7 [   D:12 :   Orc:1 %   Orc:2 }?[[   Elf:2 }   Snake:1 (   Snake:4 [
Vaults:3 *}*([   Depths:5 }:=}

Portals:
Hell: Depths:1 Depths:2 Depths:3 Depths:4 Depths:5
Abyss: Depths:1 Depths:4
Pandemonium: Depths:1 Depths:3
Ziggurat: Depths:4


Innate Abilities, Weirdness & Mutations

You reflexively headbutt those who attack you in melee.
You have a pair of large horns on your head.
Your skin changes colour to match your surroundings (Stealth+).
You tend to lose your temper in combat.
Your flesh is cold resistant. (rC+)
Your body sometimes deteriorates upon taking damage.
Your magical capacity is low. (-10% MP)
You are resistant to hostile enchantments. (MR+)


Message History

You slice the war gargoyle!! You freeze the war gargoyle.
You feel the power of Trog in you as your rage grows.
You destroy the war gargoyle!
Trog accepts your kill.
You slice the rust devil!! You freeze the rust devil.
You hit the war gargoyle but do no damage.
The war gargoyle hits you with a +2 morningstar of protection!!
* * * LOW HITPOINT WARNING * * *
The iron giant closely misses you. You furiously retaliate!
You headbutt the iron giant! The war gargoyle misses you.
You slash the iron giant! You freeze the iron giant.
The iron giant is heavily wounded.
You hit the war gargoyle but do no damage.
You slash the rust devil!
You feel the power of Trog in you as your rage grows.
You kill the rust devil!
Trog accepts your kill.
You hit the war gargoyle.
The war gargoyle hits you with a +2 morningstar of protection!!
You die...

#.###.#........# #.#
#........^...#
#.###.#........#.#
##...####....### . ##.##
######
##########'#############
........................
...............).)......
...............9@.......
.)..............C9......
.................C......
................(.(.....
##################(#####
..# .(.# ..##


You could see 2 iron giants and 2 war gargoyles.

Vanquished Creatures
  the Royal Jelly (Slime:5)
  the Lernaean hydra (Swamp:4)
  Saint Roka (Vaults:4)
  4 caustic shrikes
  2 golden dragons
  Geryon (Hell)
  the Enchantress (Depths:2)
  A profane servitor (Abyss:3)
  10 bone dragons
  3 iron giants
  Jorgrun (Snake:1)
  3 Hell Sentinels
  2 Ice Fiends (Dis:4)
  7 tentacled monstrosities
  8 liches
  Asterion (Snake:1)
  A deep elf blademaster (Elf:3)
  5 titans
  A deep elf master archer (Elf:3)
  9 tentacled starspawn
  A quicksilver dragon (Depths:4)
  5 sphinxes
  Agnes (Elf:2)
  6 Executioners
  2 ancient champions (Dis:3)
  27 acid blobs
  2 thorn hunters
  Kirke (D:13)
  Roxanne (Snake:1)
  6 shadow dragons
  10 tengu reavers
  A draconian monk (Abyss:3)
  9 nagarajas
  3 fire giants
  A revenant (Abyss:4)
  2 storm dragons (Vaults:5)
  8 deep elf sorcerers
  5 iron dragons
  15 azure jellies
  A draconian knight (Depths:5)
  6 balrugs
  A draconian scorcher (Depths:5)
  18 vault wardens
  12 frost giants
  An emperor scorpion (D:15)
  2 cacodemons
  A ghoul (Vaults:2)
  2 angels (Abyss:4)
  9 ironheart preservers
  3 deep elf elementalists
  An orc warlord (Vaults:4)
  5 spriggan defenders
  8 war gargoyles
  6 caustic shrike skeletons (Depths:2)
  29 reapers
  19 stone giants
  29 very ugly things
  An entropy weaver (shapeshifter) (Abyss:4)
  A vampire knight (Depths:4)
  An entropy weaver (Vaults:3)
  A green draconian (Depths:5)
  7 deep elf demonologists
  13 deep elf annihilators
  A dire elephant (D:15)
  4 lorocyprocas
  2 yellow draconians
  11 purple draconians
  A minotaur (Gauntlet)
  A black draconian (Depths:5)
  2 white draconians
  3 spark wasps
  An eidolon (Abyss:4)
  2 crystal guardians (Abyss:4)
  7 fire dragons
  15 yaktaur captains
  12 ettins
  8 deep elf death magi (Elf:3)
  9 statues (WizLab)
  21 death oozes
  5 blizzard demons
  3 jiangshi (Depths:3)
  A great orb of eyes (shapeshifter) (Depths:3)
  6 deep elf high priests
  13 ogre magi
  16 great orbs of eyes
  A quicksilver dragon skeleton (Dis:4)
  10 rakshasas
  22 naga warriors
  Fannar (D:10)
  Erolcha (D:10)
  28 vault guards
  7 ice dragons
  A monstrous demonspawn (Depths:1)
  Erica (D:10)
  3 catoblepae (Lair:6)
  10 anacondas
  4 spriggan air magi (Depths:2)
  25 hydras
  A hell beast (Dis:3)
  11 centaur warriors
  A shambling mangrove (Swamp:1)
  39 two-headed ogres
  31 dancing weapons
  A satyr (shapeshifter) (Abyss:4)
  11 deep troll shamans
  4 tengu warriors
  3 death knights
  10 alligators
  5 deep troll earth magi
  3 iron golems
  16 hell hogs
  15 naga sharpshooters
  3 shock serpents (Snake:4)
  20 death yaks
  Sonja (D:11)
  19 deep elf knights
  4 vampire magi
  An orc high priest (Orc:2)
  4 soul eaters
  8 spriggan berserkers
  2 titan zombies
  3 storm dragon zombies
  50 spriggans
  26 thrashing horrors
  7 wretched stars
  41 skeletal warriors
  A sixfirhy (Abyss:4)
  4 fire crabs (shapeshifter)
  10 sun demons
  17 hell knights
  10 iron trolls
  2 golden dragon zombies
  Nergalle (Orc:2)
  5 spatial maelstroms
  5 anaconda zombies
  36 deep trolls
  10 sea snakes (Snake:4)
  3 glowing orange brains
  An infernal demonspawn (Depths:1)
  A ghost moth zombie (Dis:5)
  9 wizards
  A salamander mystic (Snake:2)
  11 swamp dragons
  A torturous demonspawn (Depths:1)
  An orange crystal statue (Depths:1)
  9 naga ritualists
  A glowing orange brain (shapeshifter) (Abyss:2)
  10 unseen horrors
  11 spriggan druids
  6 flayed ghosts
  17 ironbrand convokers
  A swamp dragon (shapeshifter) (Abyss:4)
  An obsidian statue (Vaults:3)
  Pikel (D:8)
  13 deep elf archers
  11 orc knights
  2 shadow dragon zombies
  37 starcursed masses
  16 necromancers
  4 wolf spider zombies
  4 phantasmal warriors
  An anaconda skeleton (Hell)
  89 deep elf magi
  81 ugly things
  21 mana vipers
  6 orc sorcerers
  14 shining eyes
  5 oklob plants (Lair:4)
  A faun (shapeshifter) (Depths:4)
  A shining eye (shapeshifter) (Vaults:5)
  6 wolf spiders
  A salamander (shapeshifter) (Abyss:5)
  4 stone giant zombies
  7 cyclopes
  5 frost giant zombies
  9 salamanders
  8 worldbinders
  4 fire giant zombies
  2 tengu skeletons
  5 manticores
  An iron dragon skeleton (Dis:5)
  2 centaur zombies
  12 naga magi
  A black mamba (shapeshifter) (Abyss:4)
  2 ice statues (Hell)
  2 stone giant skeletons
  44 rust devils
  A fire giant skeleton (Depths:3)
  12 guardian serpents
  44 black mambas
  5 gargoyles
  19 spiny frogs
  3 shock serpent zombies
  3 apocalypse crabs
  10 elephants
  11 smoke demons
  2 dire elephant zombies
  A spiny frog (shapeshifter) (Abyss:5)
  5 eyes of devastation
  A catoblepas zombie (Dis:6)
  3 emperor scorpion zombies
  39 yaktaurs
  3 elf zombies
  A dire elephant skeleton (Abyss:4)
  17 vault sentinels
  2 centaur skeletons
  8 hellions
  9 komodo dragons
  4 orange demons
  3 efreet
  16 ice devils
  A komodo dragon (shapeshifter) (Depths:3)
  2 kobold demonologists
  A yellow draconian zombie (Dis:4)
  An anaconda simulacrum (Hell)
  2 human skeletons (Vaults:3)
  22 tormentors
  2 demonic crawlers
  A yaktaur skeleton (Depths:1)
  11 freezing wraiths
  8 ancient zymes
  4 tengu conjurers
  3 hellwings
  10 trolls
  A polar bear (Lair:4)
  3 meliai (D:15)
  13 red devils
  A jumping spider (shapeshifter) (Abyss:4)
  A shadow dragon simulacrum (Vaults:3)
  9 hydra zombies
  13 tyrant leeches
  A hydra skeleton (Hell)
  2 trolls (shapeshifter)
  Grinder (D:6)
  A merfolk (shapeshifter) (Abyss:3)
  121 slime creatures
  A wolf spider simulacrum (Abyss:4)
  21 raiju
  A raiju (shapeshifter) (D:14)
  9 bog bodies
  14 blink frogs
  3 alligator zombies
  25 hornets
  2 blink frogs (shapeshifter)
  7 ettin zombies
  2 fire dragon zombies
  A harpy skeleton (Volcano)
  Prince Ribbit (D:5)
  9 hippogriffs
  2 ice dragon zombies
  A meliai zombie (D:10)
  A slime creature (shapeshifter) (Abyss:4)
  3 human simulacra
  A dream sheep (shapeshifter) (D:12)
  A fire giant simulacrum (Vaults:4)
  7 dream sheep (Lair:2)
  20 flying skulls
  An ice dragon skeleton (Abyss:5)
  2 air elementals (Elf:2)
  A redback (Vaults:3)
  3 black mamba zombies
  8 shadows
  4 wyverns
  An alligator skeleton (Volcano)
  A tarantella (shapeshifter) (Depths:2)
  A fire dragon skeleton (Depths:1)
  A stone giant simulacrum (Abyss:4)
  8 water elementals
  3 centaur simulacra
  76 yaks
  A vampire (Dis:5)
  6 ynoxinuls
  5 fire bats
  2 fire elementals
  19 humans (D:14)
  5 basilisks
  5 hogs (D:13)
  A human (shapeshifter) (Vaults:4)
  6 chaos spawn
  A steam dragon (D:15)
  15 wraiths
  20 golden eyes
  13 vampire mosquitoes
  26 large abominations
  11 neqoxecs
  A swamp worm (shapeshifter) (Elf:1)
  5 wargs
  12 swamp worms
  48 nagas
  21 spatial vortices
  14 insubstantial wisps
  12 water moccasins
  2 acid dragons
  39 hell hounds
  2 spiny frog zombies
  A torturous demonspawn skeleton (Abyss:1)
  2 floating eyes (Slime:5)
  7 porcupines
  A floating eye (shapeshifter) (Vaults:5)
  A black bear (D:10)
  A hornet zombie (D:15)
  A meliai simulacrum (Gauntlet)
  13 swamp drakes
  5 ice beasts
  4 sky beasts
  45 orc warriors
  2 manticore zombies
  2 slaves (D:8)
  A black bear (shapeshifter) (Depths:3)
  A swamp dragon zombie (Dis:5)
  13 eyes of draining
  A swamp drake (shapeshifter) (Vaults:5)
  8 phantoms
  3 snapping turtle zombies
  A spiny frog skeleton (Hell)
  19 boggarts
  3 necrophages
  28 ogres
  11 centaurs
  17 crocodiles
  A snapping turtle skeleton (Abyss:4)
  The ghost of Scuka the Skirmisher, an amateur GrFi (D:3)
  2 human zombies
  Blork the orc (D:5)
  18 bullfrogs
  3 big kobolds
  2 earth elementals
  A wyvern zombie (D:9)
  A glowing shapeshifter simulacrum (Vaults:3)
  2 scorpions (D:8)
  3 wyvern skeletons
  A water moccasin skeleton (D:12)
  2 hornet simulacra
  A spriggan zombie (Abyss:2)
  18 killer bees
  36 wights
  A killer bee (shapeshifter) (Vaults:5)
  A howler monkey (D:5)
  An electric eel (Elf:3)
  3 spriggan skeletons
  A yaktaur simulacrum (Vaults:1)
  8 crimson imps
  2 bullfrog zombies
  11 hounds
  A quasit (D:12)
  4 bullfrog skeletons
  32 iron imps
  15 jellies
  12 orc priests
  Jessica (D:2)
  Ijyb (D:5)
  4 hell rats (Hell)
  3 iguanas
  46 orc wizards
  11 worker ants
  21 small abominations
  A bullfrog simulacrum (Gauntlet)
  A naga skeleton (Volcano)
  A hound zombie (D:9)
  A hound skeleton (D:11)
  5 mummies
  A worker ant zombie (D:7)
  18 adders
  7 gnolls
  4 shadow imps
  7 white imps
  3 ufetubi
  2 oozes
  3 adder zombies
  A worm (D:3)
  4 dart slugs
  5 leopard geckos
  115 orcs
  9 bats
  4 giant cockroaches
  10 goblins
  10 hobgoblins
  8 jackals
  6 quokkas
  2 ball pythons
  4 frilled lizards
  A jackal skeleton (D:5)
  11 kobolds
  2 quokka skeletons
  9 rats
  A rat (shapeshifter) (Vaults:5)
  A bush (D:8)
  2 crawling corpses (Elf:3)
  5 fungi
  2 lurking horrors (Abyss:4)
  2 plants
  6 starspawn tentacles
  A withered plant (Gauntlet)
3280 creatures vanquished.

Vanquished Creatures (others)
  Donald (Slime:3)
  A hell hog (Hell)
  A deep elf mage (Elf:3)
  A naga (Snake:4)
  A hell rat (Hell)
  3 bushes (Abyss:4)
  5 demonic plants (Abyss:4)
  4 fungi (Lair:5)
  A lurking horror (Abyss:4)
  13 plants
  3 starspawn tentacles (Abyss:2)
  15 withered plants (Gauntlet)
49 creatures vanquished.

Grand Total: 3329 creatures vanquished

Notes
Turn   | Place    | Note
-------+----------+-------------------------------------------
     0 | D:1      | nikopol the Minotaur Berserker began the quest for the Orb.
     0 | D:1      | Reached XP level 1. HP: 19/19 MP: 0/0
   226 | D:1      | Reached XP level 2. HP: 27/27 MP: 1/1
   561 | D:1      | Reached XP level 3. HP: 33/33 MP: 2/2
   731 | D:1      | Reached ** piety under Trog
   874 | D:2      | Noticed Jessica
   876 | D:2      | Killed Jessica
   885 | D:2      | Reached XP level 4. HP: 40/41 MP: 3/3
   894 | D:2      | Found a shimmering altar of Xom.
   894 | D:2      | Found a sacrificial altar of Ru.
   979 | D:2      | Found a faded altar of an unknown god.
  1023 | D:2      | Found a bloodstained altar of Trog.
  1286 | D:3      | Reached skill level 5 in Axes
  1422 | D:3      | Found a deep blue altar of Sif Muna.
  1473 | D:3      | Reached XP level 5. HP: 38/47 MP: 4/4
  1837 | D:3      | Found a transporter.
  1851 | D:3      | Noticed Scuka's ghost (amateur GrFi)
  1852 | D:3      | Found a transporter.
  2163 | D:3      | Reached skill level 5 in Fighting
  2288 | D:3      | Killed Scuka's ghost
  2288 | D:3      | Reached *** piety under Trog
  2288 | D:3      | Reached XP level 6. HP: 46/56 MP: 5/5
  2646 | D:4      | Reached skill level 1 in Stealth
  2698 | D:4      | Found a staircase to the Ecumenical Temple.
  2889 | D:4      | Reached XP level 7. HP: 46/61 MP: 6/6
  3442 | D:5      | Entered Level 5 of the Dungeon
  3493 | D:5      | Found a blossoming altar of Fedhas.
  3505 | D:5      | Got a glittering tin ring
  3515 | D:5      | Found an ancient bone altar of Kikubaaqudgha.
  3515 | D:5      | Found a shattered altar of Ashenzari.
  3517 | D:5      | Found a shimmering altar of Xom.
  3517 | D:5      | Found an opulent altar of Gozag.
  3517 | D:5      | Found a shadowy altar of Dithmenos.
  3565 | D:5      | Reached skill level 5 in Armour
  3578 | D:5      | Reached skill level 1 in Bows
  3661 | D:5      | Reached XP level 8. HP: 44/70 MP: 7/7
  3793 | D:5      | Noticed Ijyb
  3801 | D:5      | Killed Ijyb
  3871 | D:5      | Reached **** piety under Trog
  3903 | D:5      | Noticed Prince Ribbit
  3918 | D:5      | Noticed Blork the orc
  4127 | D:5      | Killed Prince Ribbit
  4137 | D:5      | Killed Blork the orc
  4255 | D:5      | Reached skill level 5 in Bows
  4314 | D:5      | Reached XP level 9. HP: 78/78 MP: 8/8
  4707 | D:6      | Found a burning altar of Makhleb.
  4913 | D:6      | Received a gift from Trog
  4913 | D:6      | Reached skill level 10 in Axes
  5085 | D:6      | Noticed Grinder
  5092 | D:6      | Killed Grinder
  5854 | D:7      | Found a stormy altar of Qazlal.
  6076 | D:7      | Found a glowing golden altar of the Shining One.
  6100 | D:7      | Found Zejaeh's Antique Armour Boutique.
  6577 | D:8      | Noticed Pikel
  6605 | D:8      | Killed Pikel
  6605 | D:8      | Reached XP level 10. HP: 77/86 MP: 7/9
  6625 | D:7      | Bought a twisted ring mail for 288 gold pieces
  6635 | D:7      | Identified the +2 ring mail of Satisfaction {Regen+ Str+3
                  | Dex-5 SInv} (You bought it in a shop on level 7 of the
                  | Dungeon)
  6740 | D:8      | Reached skill level 10 in Bows
  6919 | D:8      | Reached ***** piety under Trog
  6924 | D:8      | Found a staircase to the Lair.
  7426 | D:8      | Found a blossoming altar of Fedhas.
  7458 | D:8      | Identified the ring "Ygoephir" {+Inv rC- MR+ AC+5} (You
                  | found it on level 5 of the Dungeon)
  7885 | D:9      | Received a gift from Trog
  8311 | D:9      | Identified the +7 scythe "Tazoaptu" {flame, -Tele *Corrode
                  | rElec rN+++}
  8719 | D:9      | Found a glowing golden altar of the Shining One.
  8726 | D:9      | Received a gift from Trog
  8729 | D:9      | Reached XP level 11. HP: 94/95 MP: 10/10
  8807 | D:10     | Entered Level 10 of the Dungeon
  8960 | D:10     | Noticed Fannar
  8979 | D:10     | Killed Fannar
  9007 | D:10     | Received a gift from Trog
  9099 | D:10     | Noticed Erica
  9106 | D:10     | Killed Erica
  9353 | D:10     | Noticed Erolcha
  9362 | D:10     | Killed Erolcha
  9912 | Lair:1   | Entered Level 1 of the Lair of Beasts
 10179 | Lair:1   | Noticed a six-headed hydra
 10184 | Lair:1   | Killed a six-headed hydra
 10857 | Lair:2   | Noticed a seven-headed hydra
 10872 | Lair:2   | Reached XP level 12. HP: 105/105 MP: 9/11
 10884 | Lair:2   | Killed a seven-headed hydra
 11417 | Lair:2   | Noticed a five-headed hydra
 11422 | Lair:2   | Killed a five-headed hydra
 11434 | Lair:2   | Received a gift from Trog
 11434 | Lair:2   | Reached skill level 10 in Fighting
 11435 | Lair:2   | Got a steaming battleaxe {god gift}
 11436 | Lair:2   | Identified the +1 battleaxe of the Scorpion {vamp, rElec
                  | Str+4 Int+7} (Trog gifted it to you on level 2 of the Lair
                  | of Beasts)
 11465 | Lair:2   | Noticed a death yak
 11473 | Lair:2   | Killed a death yak
 11474 | Lair:2   | Reached skill level 15 in Axes
 11893 | Lair:3   | Noticed a six-headed hydra
 11898 | Lair:3   | Killed a six-headed hydra
 11922 | Lair:3   | Found a staircase to the Swamp.
 12135 | Lair:3   | Noticed a death yak
 12136 | Lair:3   | Noticed a death yak
 12138 | Lair:3   | Noticed a death yak
 12152 | Lair:3   | Killed a death yak
 12159 | Lair:3   | Killed a death yak
 12159 | Lair:3   | Killed a death yak
 12392 | Lair:3   | Found the +8 whip "Snakebite" {curare, rPois}
 12603 | Lair:4   | Found a dark tunnel.
 12613 | Volcano  | Entered a volcano
 12628 | Volcano  | Reached XP level 13. HP: 94/114 MP: 12/12
 14203 | Lair:4   | Found a staircase to the Snake Pit.
 14658 | Lair:5   | Reached skill level 15 in Bows
 14774 | Lair:5   | Received a gift from Trog
 15735 | Lair:6   | Entered Level 6 of the Lair of Beasts
 15792 | Lair:5   | Reached skill level 10 in Armour
 16023 | Lair:6   | Found a staircase to the Slime Pits.
 16023 | Lair:6   | Found a viscous altar of Jiyva.
 16055 | Lair:6   | Reached XP level 14. HP: 124/124 MP: 13/13
 17721 | D:11     | Received a gift from Trog
 17959 | D:11     | Noticed Sonja
 18031 | D:11     | Reached ****** piety under Trog
 18041 | D:11     | Killed Sonja
 18137 | D:11     | Received a gift from Trog
 18523 | D:12     | Found a gate leading to a gauntlet.
 18528 | Gauntlet | Entered a Gauntlet
 18528 | Gauntlet | Found a transporter.
 18542 | Gauntlet | Found a transporter.
 18553 | Gauntlet | Found a transporter.
 18555 | Gauntlet | Found a large runed translucent door.
 18556 | Gauntlet | Found a large runed translucent door.
 18557 | Gauntlet | Found a large runed translucent door.
 18557 | Gauntlet | Found a large runed translucent door.
 18557 | Gauntlet | Found a runed translucent door.
 18558 | Gauntlet | Found a transporter.
 18559 | Gauntlet | Found a runed translucent door.
 18560 | Gauntlet | Found a large runed translucent door.
 18560 | Gauntlet | Found a large runed translucent door.
 18561 | Gauntlet | Found a large runed translucent door.
 18562 | Gauntlet | Found a large runed translucent door.
 18568 | Gauntlet | Found a large runed translucent door.
 18568 | Gauntlet | Found a large runed translucent door.
 18569 | Gauntlet | Found a large runed translucent door.
 18569 | Gauntlet | Found a large runed translucent door.
 18570 | Gauntlet | Found a large runed translucent door.
 18570 | Gauntlet | Found a large runed translucent door.
 18571 | Gauntlet | Found a runed translucent gate.
 18571 | Gauntlet | Found a runed translucent gate.
 18571 | Gauntlet | Found a runed translucent gate.
 18573 | Gauntlet | Found a transporter.
 18583 | Gauntlet | Found a large runed translucent door.
 18584 | Gauntlet | Found a large runed translucent door.
 18592 | Gauntlet | Found a transporter.
 18604 | Gauntlet | Found a transporter.
 18616 | Gauntlet | Found a transporter.
 18628 | Gauntlet | Found a transporter.
 18640 | Gauntlet | Found a transporter.
 18646 | Gauntlet | Found a transporter.
 18646 | Gauntlet | Found a transporter.
 18685 | Gauntlet | Found a transporter.
 18710 | Gauntlet | Found a transporter.
 18712 | Gauntlet | Found a transporter.
 18732 | Gauntlet | Found a transporter.
 18810 | Gauntlet | Found a transporter.
 18830 | Gauntlet | Found a transporter.
 19135 | Gauntlet | Got a scintillating garnet amulet
 19499 | D:12     | Found Laediaf's Book Boutique.
 19507 | D:12     | Identified the amulet of Uskayaw's Castigation {Acrobat
                  | rElec rN+ Dex-2 Stlth+} (You found it in a Gauntlet)
 19963 | D:12     | You fall through a shaft for 2 floors!
 20358 | D:14     | Received a gift from Trog
 20876 | D:13     | Reached XP level 15. HP: 134/134 MP: 14/14
 21026 | D:13     | You fall through a shaft!
 21407 | D:12     | Noticed a tengu reaver
 21436 | D:12     | Killed a tengu reaver
 21918 | D:12     | Found a staircase to the Orcish Mines.
 22340 | D:12     | Received a gift from Trog
 22445 | Orc:1    | Entered Level 1 of the Orcish Mines
 22466 | Orc:1    | Found Ciagrodukk's Food Boutique.
 23225 | Orc:2    | Entered Level 2 of the Orcish Mines
 23229 | Orc:2    | Found a staircase to the Elven Halls.
 24062 | Orc:2    | Upgraded the game from 0.24-a0-176-gc3651c4 to
                  | 0.24-a0-179-g7a2c91a
 24130 | Orc:2    | Found Qemen's Gadget Shop.
 24219 | Orc:2    | Received a gift from Trog
 24220 | Orc:2    | Found the +8 frozen axe "Frostbite" {freezing cloud, *Noise
                  | +Fly rC+}
 24487 | Orc:2    | Found a roughly hewn altar of Beogh.
 24564 | Orc:2    | Found an ancient bone altar of Kikubaaqudgha.
 24564 | Orc:2    | Noticed Nergalle
 24574 | Orc:2    | Killed Nergalle
 24587 | Orc:2    | Found Totagew's Antique Armour Boutique.
 24668 | Orc:2    | Bought a pair of encrusted gloves for 313 gold pieces
 24668 | Orc:2    | Bought a pitted scale mail for 297 gold pieces
 24673 | Orc:2    | Identified the cursed +0 pair of gloves "Iptech" {MR+} (You
                  | bought it in a shop on level 2 of the Orcish Mines)
 24687 | Orc:2    | Reached XP level 16. HP: 144/144 MP: 15/15
 24693 | Orc:2    | Found a radiant altar of Vehumet.
 24713 | Orc:2    | Identified the cursed +1 scale mail of Starshine {rCorr}
                  | (You bought it in a shop on level 2 of the Orcish Mines)
 24754 | Orc:2    | Found a roughly hewn altar of Beogh.
 24754 | Orc:2    | Found Arui's Magic Scroll Boutique.
 24765 | Orc:2    | Found Besurash's Antique Armour Shop.
 24784 | Orc:2    | Bought a pair of embroidered gloves for 262 gold pieces
 25109 | Orc:2    | Bought a scroll of acquirement for 624 gold pieces
 25109 | Orc:2    | Bought a scroll of teleportation for 36 gold pieces
 25109 | Orc:2    | Bought a scroll of teleportation for 36 gold pieces
 25109 | Orc:2    | Bought a scroll of enchant weapon for 90 gold pieces
 25673 | D:13     | Noticed Kirke
 25692 | D:13     | Killed Kirke
 26336 | D:14     | Found a gate to the Vaults.
 26659 | D:15     | Entered Level 15 of the Dungeon
 26936 | D:15     | Received a gift from Trog
 26953 | D:15     | Got a pair of warped boots
 26964 | D:15     | Identified the cursed +0 pair of boots of Dithmenos {Regen+
                  | MP-9 Str+5 Dex+3} (You found it on level 15 of the Dungeon)
 27026 | D:15     | Reached XP level 17. HP: 112/151 MP: 7/16
 27591 | D:15     | Found a staircase to the Depths.
 27959 | Swamp:1  | Entered Level 1 of the Swamp
 29104 | Swamp:2  | Received a gift from Trog
 30707 | Swamp:4  | Entered Level 4 of the Swamp
 30932 | Swamp:4  | Received a gift from Trog
 30935 | Swamp:4  | Reached skill level 5 in Dodging
 31369 | Swamp:4  | Reached skill level 15 in Fighting
 31385 | Swamp:4  | Reached XP level 18. HP: 163/163 MP: 8/17
 31396 | Swamp:4  | Noticed the 27-headed Lernaean hydra
 31409 | Swamp:4  | Killed the 27-headed Lernaean hydra
 31749 | Swamp:4  | Got a decaying rune of Zot
 31958 | Snake:1  | Entered Level 1 of the Snake Pit
 32016 | Snake:1  | Noticed Jorgrun
 32022 | Snake:1  | Killed Jorgrun
 32120 | Snake:1  | Received a gift from Trog
 32146 | Snake:1  | Noticed Asterion
 32156 | Snake:1  | Killed Asterion
 32409 | Snake:1  | Found Monosuci's Weapon Shop.
 32642 | Snake:1  | Noticed Roxanne
 32653 | Snake:1  | Killed Roxanne
 33284 | Snake:2  | Received a gift from Trog
 33563 | Snake:2  | Found a basalt altar of Yredelemnul.
 34052 | Snake:2  | Got a translucent ring mail
 34063 | Snake:2  | Identified the +3 ring mail of Tuephuh {Dex+9} (You found
                  | it on level 2 of the Snake Pit)
 34414 | Snake:3  | Received a gift from Trog
 35137 | Snake:4  | Entered Level 4 of the Snake Pit
 35170 | Snake:4  | Received a gift from Trog
 35201 | Snake:4  | Reached XP level 19. HP: 144/174 MP: 9/18
 35203 | Snake:4  | Reached XP level 20. HP: 152/182 MP: 10/19
 35240 | Snake:4  | Found Qetamiy's Armour Boutique.
 35642 | Snake:4  | Received a gift from Trog
 36210 | Snake:4  | Received a gift from Trog
 36216 | Snake:4  | Got a serpentine rune of Zot
 36830 | Vaults:1 | Entered Level 1 of the Vaults
 37751 | Vaults:1 | Received a gift from Trog
 38155 | Vaults:2 | Received a gift from Trog
 38337 | Vaults:2 | Reached XP level 21. HP: 153/195 MP: 8/20
 38338 | Vaults:2 | Reached XP level 22. HP: 160/203 MP: 8/21
 38650 | Vaults:2 | Received a gift from Trog
 38825 | Vaults:2 | Found a staircase to the Crypt.
 39798 | Vaults:3 | Received a gift from Trog
 39848 | Vaults:3 | Received a gift from Trog
 40046 | Vaults:3 | Found Qemuh's General Store.
 40047 | Vaults:3 | Found Diefrewo's Assorted Antiques.
 40056 | Vaults:3 | Got a steaming silver ring
 40057 | Vaults:3 | Identified the ring of the Traitor {+Fly rF- rC+ MR+ EV+4}
                  | (You found it on level 3 of the Vaults)
 40200 | Vaults:3 | Found Elamaet's Gadget Emporium.
 40200 | Vaults:3 | Found Zis Taer's Antique Weapon Shoppe.
 40251 | Vaults:3 | Found Reriuto's Antique Armour Boutique.
 40260 | Vaults:3 | Bought a pair of warped boots for 332 gold pieces
 40260 | Vaults:3 | Bought a translucent scale mail for 315 gold pieces
 40270 | Vaults:3 | Identified the +2 pair of boots "Exzigg" {Str-4 Dex+5
                  | Slay+5} (You bought it in a shop on level 3 of the Vaults)
 40281 | Vaults:3 | Identified the +5 scale mail of Darkness {Int+2 Slay+3}
                  | (You bought it in a shop on level 3 of the Vaults)
 40660 | Vaults:3 | Received a gift from Trog
 41102 | Vaults:4 | Received a gift from Trog
 41492 | Vaults:4 | Found Qixtooso's General Store.
 41496 | Vaults:4 | Noticed Saint Roka
 41518 | Vaults:4 | Killed Saint Roka
 41699 | Vaults:4 | Received a gift from Trog
 42029 | Vaults:4 | Received a gift from Trog
 42110 | Vaults:4 | Reached XP level 23. HP: 215/215 MP: 13/22
 42749 | Depths:1 | Entered Level 1 of the Depths
 43020 | Depths:1 | Found a gateway to Hell.
 43240 | Depths:1 | Received a gift from Trog
 43447 | Depths:1 | Found a one-way gate leading to the halls of Pandemonium.
 43451 | Depths:1 | Gained mutation: Your body sometimes deteriorates upon
                  | taking damage. [a cacodemon]
 43534 | Depths:1 | Found a portal to a secret trove of treasure.
 43713 | Depths:1 | Received a gift from Trog
 43782 | Depths:1 | Found a one-way gate to the infinite horrors of the Abyss.
 43994 | Depths:2 | Upgraded the game from 0.24-a0-179-g7a2c91a to
                  | 0.24-a0-181-gd121a6d
 44263 | Depths:2 | Received a gift from Trog
 44961 | Depths:2 | Received a gift from Trog
 45080 | Depths:2 | Identified the cursed +10 giant club of Compassion {elec,
                  | +Fly rPois rC++ Str-2}
 45080 | Depths:2 | Identified the cursed +6 giant club "Loopy" {crush, rPois
                  | rC+}
 45084 | Depths:2 | Identified the +5 faerie dragon scales {-Tele rPois Regen+
                  | rCorr Int+2 Slay+4}
 45084 | Depths:2 | Noticed the Enchantress
 45107 | Depths:2 | HP: 12/325 [the Enchantress/+2 lajatang of electrocution
                  | (27)]
 45111 | Depths:2 | Killed the Enchantress
 45112 | Depths:2 | HP: 3/218 [poisoned by a spriggan defender]
 45633 | Depths:2 | Found a bloodstained altar of Trog.
 46603 | Depths:3 | Received a gift from Trog
 46687 | Depths:3 | Reached XP level 24. HP: 217/228 MP: 3/22
 46845 | Depths:3 | Received a gift from Trog
 46851 | Depths:3 | Reached skill level 15 in Armour
 47644 | Depths:3 | You fall through a shaft for 2 floors!
 47644 | Depths:5 | Entered Level 5 of the Depths
 47644 | Depths:5 | Found Futrukh's Book Shoppe.
 47715 | Depths:4 | Found a gateway to a ziggurat.
 47736 | Depths:4 | Received a gift from Trog
 47918 | Depths:4 | You fall through a shaft!
 47923 | Depths:5 | Found Cuowubih's Jewellery Shop.
 47924 | Depths:5 | Found Ruadot's Gadget Emporium.
 47924 | Depths:5 | Found Qyci's Gadget Emporium.
 48288 | Depths:4 | Found a magical portal.
 48293 | WizLab   | Entered Iskenderun's Mystic Tower
 48496 | WizLab   | Received a gift from Trog
 49170 | WizLab   | Identified Iskenderun's Compendium of Attacks
 49170 | WizLab   | Identified Iskenderun's Tome of Conjuration
 49865 | Depths:4 | Reached XP level 25. HP: 221/239 MP: 13/22
 50921 | Depths:5 | Received a gift from Trog
 51595 | Depths:5 | Received a gift from Trog
 51595 | Depths:5 | Reached skill level 27 in Bows
 51628 | Depths:5 | Found a gate to the Realm of Zot.
 52439 | Slime:1  | Entered Level 1 of the Pits of Slime
 52683 | Slime:2  | Received a gift from Trog
 52844 | Slime:1  | Gained mutation: Your spells are a little easier to cast,
                  | but a little less powerful. [a shining eye]
 52848 | Slime:1  | Gained mutation: Scrolls take you a little longer to read.
                  | [a shining eye]
 53343 | Slime:3  | Killed Donald
 53438 | Slime:3  | Received a gift from Trog
 53494 | Slime:3  | Received a gift from Trog
 54653 | Slime:5  | Entered Level 5 of the Pits of Slime
 54680 | Slime:5  | Received a gift from Trog
 54815 | Slime:4  | Reached XP level 26. HP: 246/256 MP: 13/22
 55572 | Slime:5  | Noticed the Royal Jelly
 55572 | Slime:5  | Gained mutation: Your magical capacity is low. (-10% MP) [a
                  | shining eye]
 55645 | Slime:5  | Killed the Royal Jelly
 55656 | Slime:4  | HP: 12/387 [death ooze[the Royal Jelly] (13)]
 55894 | Slime:5  | Got a steaming turquoise ring
 55924 | Slime:5  | Identified the cursed ring of Qesyent {*Contam Str+5 Int+3
                  | Dex-3} (You found it on level 5 of the Pits of Slime)
 55945 | Slime:5  | Got a slimy rune of Zot
 55947 | Slime:5  | Got a clouded ivory ring
 55958 | Slime:5  | Identified the ring "Ezah" {Ice rElec Slay+4} (You found it
                  | on level 5 of the Pits of Slime)
 56597 | Depths:1 | You showed the slimy rune of Zot to enter a treasure trove
 56598 | Trove    | Entered a treasure trove
 56690 | Trove    | Got a clouded platinum ring
 56693 | Trove    | Identified the ring "Retz" {EV+3 Dex+3} (You acquired it in
                  | a treasure trove)
 57576 | Vaults:2 | Identified the +5 hand crossbow "Umuet" {speed, Str+4
                  | Stlth+}
 57698 | Vaults:5 | Entered Level 5 of the Vaults
 57727 | Vaults:5 | Received a gift from Trog
 58086 | Vaults:5 | Identified the ring "Ekhlew" {Int+4 Dex+3}
 58149 | Vaults:5 | Identified the ring "Hidwewn" {rF+ rC+ MR++}
 58324 | Vaults:5 | Received a gift from Trog
 58792 | Vaults:5 | Identified the +9 hand crossbow "Dischoifo" {velocity,
                  | *Contam rF++}
 58867 | Vaults:5 | Reached XP level 27. HP: 187/271 MP: 3/19
 58988 | Vaults:5 | Identified the cursed +1 swamp dragon scales of Goinap
                  | {rElec rPois rN+}
 58988 | Vaults:5 | Identified the amulet "Atype" {+Rage rElec}
 58997 | Vaults:5 | Reached skill level 27 in Fighting
 59130 | Vaults:5 | Received a gift from Trog
 59665 | Vaults:5 | Identified the +10 plate armour of Qazlal's Condemnation
                  | {rPois rF+ rN+ Str-3}
 59665 | Vaults:5 | Identified the ring of the Mutiny {Str+4 Stlth+}
 59791 | Vaults:5 | Got a silver rune of Zot
 60269 | Elf:1    | Entered Level 1 of the Elven Halls
 60331 | Elf:1    | Received a gift from Trog
 60433 | Elf:1    | Reached skill level 5 in Stealth
 60971 | Elf:1    | You fall through a shaft!
 61031 | Elf:2    | Noticed Agnes
 61041 | Elf:2    | Killed Agnes
 61064 | Elf:2    | Received a gift from Trog
 61145 | Elf:2    | Found Giyn's Gadget Shop.
 61208 | Elf:2    | Received a gift from Trog
 61538 | Elf:2    | Found a huge runed translucent gate.
 61538 | Elf:2    | Found a huge runed translucent gate.
 61539 | Elf:2    | Found a huge runed translucent gate.
 61550 | Elf:2    | Found a huge runed translucent gate.
 61554 | Elf:2    | Found a huge runed translucent gate.
 62238 | Elf:3    | Entered Level 3 of the Elven Halls
 62632 | Elf:3    | Received a gift from Trog
 62636 | Elf:3    | Reached skill level 27 in Axes
 62710 | Elf:3    | Identified the cursed +1 robe "Velephis" {rElec rC+++ rCorr
                  | Str-4}
 63071 | Elf:3    | Received a gift from Trog
 63072 | Elf:3    | Found the +8 mithril axe "Arga" {speed, MR+}
 63419 | Elf:3    | Identified the Almanac of the Supportive Traveller
 63451 | Elf:3    | Found the +3 sling "Punk" {acid, rCorr}
 64279 | Depths:1 | Voluntarily entered the Abyss.
 64290 | Abyss:1  | Found a corrupted altar of Lugonu.
 64765 | Abyss:2  | Received a gift from Trog
 64786 | Abyss:2  | Got a pair of warped boots
 64789 | Abyss:2  | Identified the cursed -1 pair of boots of Nisyr {Dex+3
                  | Stlth-} (You found it on level 2 of the Abyss)
 65488 | Abyss:3  | Reached skill level 10 in Dodging
 65690 | Abyss:3  | Received a gift from Trog
 65758 | Abyss:4  | Found a corrupted altar of Lugonu.
 65849 | Abyss:4  | Found a corrupted altar of Lugonu.
 66085 | Abyss:4  | Gained mutation: You are frail. (-10% HP) [a neqoxec]
 66136 | Abyss:4  | Received a gift from Trog
 66139 | Abyss:4  | Paralysed by accursed screaming for 1 turns
 66226 | Abyss:4  | Got an abyssal rune of Zot
 66288 | Abyss:4  | Gained mutation: Your body often deteriorates upon taking
                  | damage. [a neqoxec]
 66359 | Abyss:4  | Received a gift from Trog
 66540 | Abyss:4  | Gained mutation: You tend to lose your temper in combat. [a
                  | neqoxec]
 66543 | Abyss:4  | Paralysed by accursed screaming for 1 turns
 66761 | Abyss:4  | Received a gift from Trog
 66857 | Abyss:5  | Entered Level 5 of the Abyss
 66857 | Abyss:5  | Entered Level 5 of the Abyss
 66941 | Abyss:5  | Received a gift from Trog
 66976 | Abyss:5  | Received a gift from Trog
 67002 | Depths:1 | Escaped the Abyss
 67097 | Depths:1 | Lost mutation: You are frail. (-10% HP) [potion of
                  | mutation]
 67097 | Depths:1 | Lost mutation: Your body often deteriorates upon taking
                  | damage. [potion of mutation]
 67097 | Depths:1 | Lost mutation: Your spells are a little easier to cast, but
                  | a little less powerful. [potion of mutation]
 67097 | Depths:1 | Gained mutation: Your magical capacity is very low. (-20%
                  | MP) [potion of mutation]
 67097 | Depths:1 | Gained mutation: Your mind is acute. (Int +2) [potion of
                  | mutation]
 67097 | Depths:1 | Gained mutation: Your flesh is cold resistant. (rC+)
                  | [potion of mutation]
 67098 | Depths:1 | Lost mutation: Your mind is acute. (Int +2) [potion of
                  | mutation]
 67098 | Depths:1 | Lost mutation: Your magical capacity is very low. (-20% MP)
                  | [potion of mutation]
 67098 | Depths:1 | Lost mutation: Scrolls take you a little longer to read.
                  | [potion of mutation]
 67098 | Depths:1 | Gained mutation: You are resistant to hostile enchantments.
                  | (MR+) [potion of mutation]
 67098 | Depths:1 | Gained mutation: Your skin changes colour to match your
                  | surroundings (Stealth+). [potion of mutation]
 67098 | Depths:1 | Gained mutation: You have a pair of large horns on your
                  | head. [potion of mutation]
 67131 | Hell     | Entered the Vestibule of Hell
 67131 | Hell     | Noticed Geryon
 67194 | Hell     | Received a gift from Trog
 67999 | Hell     | Killed Geryon
 68012 | Hell     | Received a gift from Trog
 68111 | Hell     | Found a gateway to the freezing wastes of Cocytus.
 68278 | Hell     | Found a gateway to the Iron City of Dis.
 68404 | Hell     | Found a gateway to the ashen valley of Gehenna.
 68491 | Hell     | Found a gateway to the decaying netherworld of Tartarus.
 68614 | Dis:1    | Entered Level 1 of the Iron City of Dis
 68796 | Dis:1    | Received a gift from Trog
 68797 | Dis:1    | Got a dazzling shortbow {god gift}
 68798 | Dis:1    | Identified the +9 shortbow of Killer Klown's Regret {flame,
                  | rPois} (Trog gifted it to you on level 1 of the Iron City
                  | of Dis)
 69549 | Dis:3    | Received a gift from Trog
 69658 | Dis:3    | Received a gift from Trog
 70432 | Dis:4    | Received a gift from Trog
 70876 | Dis:4    | Reached skill level 27 in Armour
 71098 | Dis:4    | Reached skill level 15 in Dodging
 71100 | Dis:4    | Received a gift from Trog
 71915 | Dis:5    | Received a gift from Trog
 72104 | Dis:6    | Received a gift from Trog
 72358 | Hell     | Upgraded the game from 0.24-a0-181-gd121a6d to
                  | 0.24-a0-189-g5d897e9
 72928 | Dis:6    | Lost intelligence.
 73116 | Dis:6    | Received a gift from Trog
 73385 | Dis:7    | Entered Level 7 of the Iron City of Dis
 74041 | Dis:7    | Slain by a war gargoyle

Levels and vault maps discovered:
D:1:      nagdon_arrival_double_spiral, layout_loops_ring, minmay_hedge_maze
D:2:      layout_rooms, grunt_temple_overflow_open,
          chequers_ecumenical_altar_twisty, uniq_jessica
D:3:      layout_loops_ring, nicolae_overflow_crystal_walls,
          gammafunk_ghost_arena, first_ration, minmay_misc_feat_enclosed
D:4:      layout_loops_corners, minmay_temple_entry_fiery
D:5:      minmay_clustersquares, layout_basic, doesnt_xom_only_xom,
          uniq_blork_the_orc, uniq_ijyb, uniq_prince_ribbit1
D:6:      layout_gridville, makhleb_grotto_becter, kennysheep_potato,
          uniq_grinder
D:7:      layout_basic, nicolae_qazlal_general_emergency, marbit_many_paths,
          serial_shops, nicolae_shop_crystal
D:8:      layout_cave_pods, fedhas_altar_1, minmay_lair_entry_grove, uniq_pikel
D:9:      layout_loops_cross, grunt_ogre_cave, dk_noncrumbling_4, tso_altar
D:10:     layout_roguey, kennysheep_nondescript, uniq_fannar, uniq_erolcha,
          uniq_erica
D:11:     layout_basic, st_stairs_10, uniq_sonja
D:12:     minmay_glassy_protrusions, layout_loops_ring, erik_orc_1,
          gauntlet_entry_generic, serial_shops, shop, minmay_door_square
D:13:     layout_cave_pods, uniq_kirke
D:14:     layout_basic, grunt_vaults_entry_tiered, serial_park_tiny_1
D:15:     hangedman_depths_entry_try_elsewhere_first, layout_rooms,
          nicolae_wwwww, dk_noncrumbling_3, drop_trap, kennysheep_inner_square
Lair:1:   cheibrodos_lair_river_kwai, layout_hall_layers,
          nicolae_quartered_pool_little, minivault_19
Lair:2:   layout_chaotic_city, hangedman_lair_generics_rect, lemuel_fruit_tree,
          grunt_megastairs_5
Lair:3:   minmay_guarded_unrand_snakebite, layout_cave_shapes,
          skrybe_swamp_entry_bodies, grunt_megastairs_4
Lair:4:   layout_roguey, minmay_snake_entry_guardpost_large, enter_volcano_1,
          dpeg_oklob_1
Lair:5:   layout_roguey
Lair:6:   evilmike_catoblepas_cave, layout_cave_shapes, slime_altar_1,
          serial_bayou_shore_a
Swamp:1:  layout_basic_swamp, nicolae_swamp_very_dense_foliage
Swamp:2:  layout_falls_marsh, evilmike_swamp_ruin_house_1, swamp_pool3
Swamp:3:  cheibrodos_swamp_heart_of_darkness, layout_falls_marsh,
          evilmike_swamp_ruin_house_6, swamp_pool1, nicolae_swamp_round_clearing
Swamp:4:  swamp_old_school, layout_basic_swamp, swamp_pool1, grunt_witch_cave
Snake:1:  layout_layer_cave, serial_shops, shop_fountains, grunt_ministairs_6,
          uniq_roxanne, uniq_asterion, uniq_jorgrun
Snake:2:  layout_misc_corridors, basic_altar, st_stairs_1
Snake:3:  layout_chambers
Snake:4:  grunt_snake_rune_pools, layout_onion_interference, serial_shops,
          nicolae_shop_trees, guppyfry_snake_island
Slime:1:  layout_caves
Slime:2:  layout_caves
Slime:3:  nicolae_slime_jelly_donut, layout_caves, uniq_donald
Slime:4:  layout_caves
Slime:5
Orc:1:    layout_diamond_mine, serial_shops, shop, elves_outpost_lemuel
Orc:2:    kennysheep_orc_mage_school, layout_caves, bh_open_orc_temple
Elf:1:    minmay_elf_arrival_plus, layout_loops_cross, minmay_elf_annihilation,
          st_stairs_11
Elf:2:    layout_rooms, serial_shops, nicolae_shop_trees, minmay_misc_feat_rows,
          uniq_agnes
Elf:3:    minmay_elf_hall_spiked, layout_geoelf_castle, lemuel_flamethrower_1
Vaults:1: nicolae_vaults_windows_and_doors_thing, vaults_mumra_hex, v_misc_8,
          vaults_room_hallway, nicolae_vaults_little_ls, grunt_vaults_focal,
          hangedman_vaults_maws, nicolae_vaults_diagonal_hallway_8, v_misc_32,
          hangedman_vaults_stitches, grunt_vaults_diagonal, vaults_room_pool,
          nicolae_vaults_border_crossing, layout_vaults_omnicross
Vaults:2: minmay_crypt_entry_simple_statues, nicolae_vaults_theta, v_misc_11,
          v_rooms_6, vaults_room_grid, nicolae_vaults_network_quinsquares
          [nicolae_vaults_network_quincunx_subvault,
          nicolae_vaults_network_quincunx_subvault,
          nicolae_vaults_network_quincunx_subvault,
          nicolae_vaults_network_quincunx_subvault], dpeg_vaults_monster_box,
          nicolae_vaults_network_periphery, ontoclasm_vaults_twist,
          layout_vaults_big_room
Vaults:3: v_misc_29, hangedman_vaults_corner, nicolae_vaults_ring_of_whatevers,
          vaults_room_ringed_pool, nicolae_vaults_statue_guard,
          hangedman_vaults_capsules, v_alt_pattern_2, ontoclasm_vaults_gateway,
          ontoclasm_vaults_chip, vaults_room_pools, hangedman_vaults_locks,
          v_misc_25, v_misc_23, nicolae_vaults_diagonal_hallway_8,
          layout_vaults_maze, serial_shops, nicolae_shop_overgrown_old_shop,
          shop_fountains, shop, nicolae_shop_trees, shop_fountains
Vaults:4: v_misc_5, v_misc_4, nicolae_vaults_hallways_thing,
          vaults_room_door_hall, hangedman_vaults_trim,
          nicolae_vaults_little_squares_4, grunt_vaults_twisty,
          ontoclasm_vaults_chip, layout_vaults_quadrants, serial_shops,
          nicolae_shop_stone, uniq_saint_roka
Vaults:5: serial_shops
Depths:1: layout_basic, nicolae_trove_entry_crossroad,
          marbit_kobold_abyss_entry, minivault_14, rand_demon_pan_entry_4,
          pf_coc_iceberg, hangedman_decor_peaks_small, minmay_tree_intersection,
          minivault_16, drop_trap, unseen_surprise_small
Depths:2: spriggan_forest, hell_entry
Depths:3: kennysheep_green_arena, layout_gridville, rand_demon_pan_entry_5,
          hell_entry, minmay_holes, infiniplex_staircase_pool_1
Depths:4: evilmike_cross, layout_basic, enter_ziggurat_a,
          chequers_serial_rivers_marsh, mu_enter_wizlab_1,
          hangedman_abyss_entry_splay, grunt_hell_entry_dis_old,
          minmay_misc_feat_more_columns, uniq_enchantress
Depths:5: evilmike_zot_entry_round, layout_gridlike, hell_entry, serial_shops,
          shop, minmay_shop_grove, serial_bayou_shore_b
Hell
Dis:1:    layout_jigsaw, grunt_megastairs_1
Dis:2:    layout_chaotic_city, grunt_megastairs_2
Dis:3:    layout_regular_city
Dis:4:    layout_gridville, grunt_dis_stairs_iron_hall
Dis:5:    hangedman_iron_city_apartments, layout_chaotic_city
Dis:6:    layout_jigsaw
Dis:7:    iron_city_of_dis [dis_old, dis_wall_8], layout_chaotic_city
Abyss:1
Abyss:2
Abyss:3:  evilmike_abyss_exit_15, dshaligram_kb_abyss_rune_zappy_water_cross
Abyss:4:  nicolae_abyss_rune_left_handed
Abyss:5:  grunt_abyss_exit_deep_breaths, hangedman_abyss_batty_box,
          evilmike_abyss_exit_4
Trove:    trove_library
Volcano:  volcano_tomb [vts_original]
WizLab:   wizlab_iskenderun
Gauntlet: gammafunk_gauntlet_one_two_three [nicolae_gauntlet_arena_grate_2,
          gammafunk_gauntlet_arena_split_diamond,
          gammafunk_gauntlet_arena_hedges,
          minmay_gauntlet_arena_make_your_own_arena,
          nicolae_gauntlet_arena_blocks, nicolae_gauntlet_arena_flowing_pool,
          gammafunk_gauntlet_arena_open, nicolae_gauntlet_arena_x,
          nicolae_gauntlet_arena_t_cross, gauntlet_exit_spiral]

Skill      XL: |  1  2  3  4  5  6  7  8  9 10 11 12 13 14 15 16 17 18 19 20 21 22 23 24 25 26 27 |
---------------+----------------------------------------------------------------------------------+-----
Fighting       | 4 5 6 7 8 9 10 11 12 13 15 16 18 19 21 22 24 26 27 | 27.0
Axes           | 4 5 6 7 8 9 10 12 14 15 16 18 19 20 21 22 23 24 25 27 | 27.0
Armour         | 3 4 5 6 7 8 10 11 13 14 15 16 27 | 27.0
Dodging        | 3 4 5 6 7 8 9 18 | 18.8
Stealth        | 1 2 3 4 9 |  9.2
Bows           | 1 5 9 11 12 14 16 17 18 19 20 21 22 23 24 25 26 27 | 27.0
Evocations     | |  0.6

Action                   |  1- 3 |  4- 6 |  7- 9 | 10-12 | 13-15 | 16-18 | 19-21 | 22-24 | 25-27 || total
-------------------------+-------+-------+-------+-------+-------+-------+-------+-------+-------++-------
Melee: Hand axe          |    56 |    57 |       |       |       |       |       |       |       ||   113
       Headbutt          |     8 |    25 |    28 |    76 |   125 |    62 |    49 |   179 |   306 ||   858
       War axe           |       |    62 |   127 |   345 |   338 |       |       |       |       ||   872
       Battleaxe         |       |       |       |       |   192 |   324 |   169 |   528 |   213 ||  1426
       Longbow           |       |       |       |       |       |       |     1 |     1 |     1 ||     3
       Executioner's axe |       |       |       |       |       |       |       |       |   785 ||   785
 Fire: Shortbow          |       |       |   179 |   152 |       |       |       |       |       ||   331
       Longbow           |       |       |       |   144 |   708 |   826 |   365 |  1274 |  2377 ||  5694
Invok: Berserk           |       |     2 |     2 |     7 |    10 |     1 |     1 |     3 |     5 ||    31
       Trog's Hand       |       |       |       |       |     1 |       |       |       |     9 ||    10
       Brothers in Arms  |       |       |       |       |     1 |       |       |       |       ||     1
 Abil: Evoke Flight      |       |       |       |       |       |       |       |     1 |       ||     1
Evoke: Wand              |       |       |       |       |       |       |       |       |     1 ||     1
  Use: Scroll            |       |     4 |       |    16 |    10 |    16 |     1 |     5 |    22 ||    74
       Potion            |       |       |     1 |       |     2 |       |     2 |     1 |     5 ||    11
 Stab: Sleeping          |       |     3 |     1 |       |       |       |       |     2 |       ||     6
       Petrified         |       |       |       |       |     1 |       |       |       |       ||     1
       Confused          |       |       |       |       |     2 |       |       |       |       ||     2
       Distracted        |       |       |       |       |       |       |       |       |     3 ||     3
  Eat: Chunk             |       |     8 |    12 |    26 |    40 |    13 |     7 |    38 |    34 ||   178
       Ration            |       |       |       |       |     2 |     6 |     1 |       |    14 ||    23
Armor: Animal skin       |     4 |       |       |       |       |       |       |       |       ||     4
       Ring mail         |    12 |    29 |    47 |     8 |       |       |       |       |       ||    96
       Plate armour      |       |       |       |   233 |   421 |   228 |   128 |    63 |       ||  1073
       Scale mail        |       |       |       |       |       |       |       |   221 |    16 ||   237
       Acid dragon scale |       |       |       |       |       |       |       |       |    43 ||    43
       Gold dragon scale |       |       |       |       |       |       |       |       |   676 ||   676
Dodge: Dodged            |    35 |    78 |    97 |   184 |   280 |   168 |   123 |   366 |   997 ||  2328
       Deflected         |       |       |       |       |       |    20 |    45 |    44 |    77 ||   186

Table legend:
 A = Non-vault XP
 B = Vault XP
 C = Vault XP percentage of total XP
 D = Non-vault monster count
 E = Vault monster count
 F = Vault count percentage of total count
                 A         B        C        D         E       F
            +---------+---------+-------+---------+---------+-------
      Total | 1124886 |  739923 |  39.7 |    2268 |     948 |  29.5
            +---------+---------+-------+---------+---------+-------
        D:1 |      49 |       0 |   0.0 |      28 |       0 |   0.0
        D:2 |      38 |      37 |  49.3 |      19 |       1 |   5.0
        D:3 |     194 |     123 |  38.8 |      25 |       4 |  13.8
        D:4 |     649 |       0 |   0.0 |      29 |       0 |   0.0
        D:5 |    1209 |     752 |  38.3 |      23 |      10 |  30.3
        D:6 |     581 |     379 |  39.5 |      12 |       3 |  20.0
        D:7 |    1025 |       0 |   0.0 |      19 |       0 |   0.0
        D:8 |    1161 |    2684 |  69.8 |      21 |      13 |  38.2
        D:9 |    2676 |     121 |   4.3 |      48 |       1 |   2.0
       D:10 |    2432 |    2926 |  54.6 |      34 |       3 |   8.1
       D:11 |    5868 |    2292 |  28.1 |      45 |       6 |  11.8
       D:12 |    7391 |    5069 |  40.7 |      39 |      22 |  36.1
       D:13 |    5893 |    3029 |  33.9 |      28 |       6 |  17.6
       D:14 |    2650 |    8324 |  75.9 |      12 |      25 |  67.6
       D:15 |   20486 |    5514 |  21.2 |      48 |       7 |  12.7
     Lair:1 |    1718 |    1740 |  50.3 |       7 |       5 |  41.7
     Lair:2 |    6435 |    4164 |  39.3 |      22 |       8 |  26.7
     Lair:3 |    5124 |    1579 |  23.6 |      12 |      11 |  47.8
     Lair:4 |    5348 |    3086 |  36.6 |      14 |       7 |  33.3
     Lair:5 |    9311 |       0 |   0.0 |      32 |       0 |   0.0
     Lair:6 |    9057 |   12211 |  57.4 |      26 |      23 |  46.9
    Swamp:1 |   10543 |       0 |   0.0 |      28 |       0 |   0.0
    Swamp:2 |    7018 |       0 |   0.0 |      25 |       0 |   0.0
    Swamp:3 |   20658 |       0 |   0.0 |      53 |       0 |   0.0
    Swamp:4 |    9659 |   25139 |  72.2 |      20 |      30 |  60.0
    Snake:1 |   23489 |    8851 |  27.4 |      45 |       5 |  10.0
    Snake:2 |   18671 |    1425 |   7.1 |      35 |       2 |   5.4
    Snake:3 |   16789 |       0 |   0.0 |      27 |       0 |   0.0
    Snake:4 |   25393 |   40927 |  61.7 |      44 |      60 |  57.7
    Slime:1 |   23970 |       0 |   0.0 |      33 |       0 |   0.0
    Slime:2 |   19063 |       0 |   0.0 |      38 |       0 |   0.0
    Slime:3 |   13425 |     379 |   2.7 |      27 |       9 |  25.0
    Slime:4 |   23295 |       0 |   0.0 |      26 |       0 |   0.0
    Slime:5 |   24696 |   35052 |  58.7 |      38 |      15 |  28.3
      Orc:1 |    1790 |    5058 |  73.9 |      16 |       9 |  36.0
      Orc:2 |    3052 |    8847 |  74.4 |      25 |      36 |  59.0
      Elf:1 |   11473 |   12236 |  51.6 |      18 |      18 |  50.0
      Elf:2 |   14519 |   26234 |  64.4 |      25 |      32 |  56.1
      Elf:3 |   15393 |   45974 |  74.9 |      26 |      34 |  56.7
   Vaults:1 |   16512 |   17101 |  50.9 |      39 |      30 |  43.5
   Vaults:2 |   45335 |   19296 |  29.9 |      70 |      33 |  32.0
   Vaults:3 |   18661 |   21676 |  53.7 |      29 |      33 |  53.2
   Vaults:4 |   31070 |   16169 |  34.2 |      64 |      24 |  27.3
   Vaults:5 |   30308 |  136609 |  81.8 |      38 |      94 |  71.2
   Depths:1 |   50366 |    6969 |  12.2 |      75 |      11 |  12.8
   Depths:2 |    3770 |   68584 |  94.8 |      14 |     109 |  88.6
   Depths:3 |   52558 |   29540 |  36.0 |      65 |      22 |  25.3
   Depths:4 |   54806 |   19868 |  26.6 |      56 |      13 |  18.8
   Depths:5 |   54667 |   22938 |  29.6 |      41 |      12 |  22.6
       Hell |   35397 |   28443 |  44.6 |      49 |      40 |  44.9
      Dis:1 |   27129 |     593 |   2.1 |      60 |       4 |   6.2
      Dis:2 |    4915 |    1161 |  19.1 |       9 |       3 |  25.0
      Dis:3 |   26091 |       0 |   0.0 |      43 |       0 |   0.0
      Dis:4 |   64961 |    1600 |   2.4 |     103 |       9 |   8.0
      Dis:5 |    8414 |    5331 |  38.8 |      20 |       6 |  23.1
      Dis:6 |   38952 |       0 |   0.0 |      82 |       0 |   0.0
      Dis:7 |   16998 |   22906 |  57.4 |      28 |      13 |  31.7
    Abyss:1 |    7844 |       0 |   0.0 |      13 |       0 |   0.0
    Abyss:2 |   27669 |       0 |   0.0 |      48 |       0 |   0.0
    Abyss:3 |   19417 |       0 |   0.0 |      34 |       0 |   0.0
    Abyss:4 |   99238 |   15760 |  13.7 |     165 |      20 |  10.8
    Abyss:5 |   17617 |       0 |   0.0 |      31 |       0 |   0.0
    Volcano |       0 |    4098 | 100.0 |       0 |      13 | 100.0
     WizLab |       0 |   33193 | 100.0 |       0 |      38 | 100.0
   Gauntlet |       0 |    3936 | 100.0 |       0 |      16 | 100.0
            +---------+---------+-------+---------+---------+-------
